 Dungeon Crawl Stone Soup version 0.31-a0-1074-g0b22e4e0f1 (webtiles) character file.

Game seed: 1576500520751787081

114950 kaesle the Severer (level 16, -1/149 HPs)
             Began as a Hill Orc Fighter on Dec 6, 2023.
             Was an Elder of Yredelemnul.
             Killed from afar by a swamp worm (15 damage)
             ... with a harpoon shot
             ... on level 3 of the Swamp.
             The game lasted 02:43:56 (29387 turns).

kaesle the Severer (Hill Orc Fighter)              Turns: 29387, Time: 02:43:57

Health: -1/149     AC: 41    Str: 21    XL:     16   Next: 67%
Magic:  1/27       EV:  5    Int:  8    God:    Yredelemnul [****..]
Gold:   1701       SH:  0    Dex: 22    Spells: 15/15 levels left

rFire   . . .        a - +4 battleaxe (chaos)
rCold   . . .        (shield currently unavailable)
rNeg    . . .        n - +0 crystal plate armour
rPois   .            I - +2 helmet
rElec   .            u - +2 cloak
rCorr   .            J - +2 pair of gloves
SInv    .            l - +2 pair of boots {Fly}
Will    .....        e - amulet of regeneration Stlth
                     i - +6 ring of dexterity
HPRegen 1.24/turn    D - +4 ring of protection
MPRegen 0.20/turn

%: no passive effects
@: lethally poisoned (-1 -> -2), about to teleport, weak-willed, flying
A: no striking features
a: Renounce Religion, Recall Undead Harvest, Dark Bargain, Drain Life


You were on level 3 of the Swamp.
You worshipped Yredelemnul.
Yredelemnul was pleased with you.
You visited 6 branches of the dungeon, and saw 27 of its levels.
You also visited: Gauntlet.

You collected 2291 gold pieces.
You spent 590 gold pieces at shops.

Inventory:

Hand Weapons
 a - a +4 battleaxe of chaos (weapon)
 b - a +0 arbalest
 c - a +6 halberd of pain
 G - a +2 heavy flail
 K - a +0 executioner's axe
 N - a +4 scimitar of flaming
Missiles
 z - 10 poisoned darts
 E - 8 curare-tipped darts (quivered)
 F - 7 javelins
 Y - 4 silver javelins
 Z - 10 boomerangs
Armour
 l - a +2 pair of boots of flying (worn)
 n - a +0 crystal plate armour (worn)
 u - a +2 cloak (worn)
 I - a +2 helmet (worn)
 J - a +2 pair of gloves (worn)
 W - a scarf of invisibility
 X - a +2 pair of gloves of stealth
Jewellery
 e - an amulet of regeneration (around neck)
 i - a +6 ring of dexterity (left hand)
 m - a +5 ring of evasion
 o - an amulet of the acrobat
 p - an amulet of guardian spirit
 D - a +4 ring of protection (right hand)
Wands
 d - a wand of quicksilver (13)
 g - a wand of charming (11)
 k - a wand of mindburst (9)
 q - a wand of digging (21)
 t - a wand of flame (49)
 B - a wand of roots (1)
 R - a wand of polymorph (17)
Scrolls
 f - 6 scrolls of revelation
 j - 7 scrolls of poison
 s - 4 scrolls of teleportation
 y - a scroll of identify
 U - a scroll of amnesia
Potions
 h - 2 potions of cancellation
 r - 2 potions of berserk rage
 v - 5 potions of haste
 w - 2 potions of resistance
 x - 2 potions of invisibility
 A - 4 potions of attraction
 C - 3 potions of magic
 H - 2 potions of lignification
 L - a potion of mutation {unknown}
 O - a potion of brilliance
Miscellaneous
 Q - a condenser vane


   Skills:
 + Level 15.1 Fighting
 + Level 16.1 Axes
 + Level 11.4 Ranged Weapons
 + Level 11.3 Throwing
 + Level 13.6 Armour
 - Level 3.2 Shields
 + Level 15.5 Invocations


You had 15 spell levels left.
You didn't know any spells.
Your spell library contained the following spells:

 Spells                   Type           Power      Damage    Failure   Level
 Magic Dart               Conj           0%         1d3       100%        1
 Sandblast                Erth           0%         2d4       100%        1
 Blink                    Tloc           0%         N/A       100%        2
 Cigotuvi's Dreadful Rot  Necr/Pois/Air  0%         N/A       100%        2
 Lesser Beckoning         Tloc           0%         N/A       100%        2
 Momentum Strike          Conj/Tloc      0%         3d8       100%        2
 Passwall                 Tmut/Erth      0%         N/A       100%        2
 Searing Ray              Conj           0%         2d4       100%        2
 Gell's Gravitas          Tloc           0%         N/A       100%        3
 Mephitic Cloud           Conj/Pois/Air  0%         N/A       100%        3
 Stone Arrow              Conj/Erth      0%         3d7       100%        3
 Teleport Other           Tloc           0%         N/A       100%        3
 Volatile Blastmotes      Fire/Tloc      0%         2d10      100%        3
 Dispel Undead            Necr           0%         3d6       100%        4
 Fulminant Prism          Conj/Hex       0%         3d5       100%        4
 Iskenderun's Mystic Bla  Conj/Tloc      0%         2d3       100%        4
 Leda's Liquefaction      Hex/Erth       0%         N/A       100%        4
 Summon Lightning Spire   Summ/Air       0%         N/A       100%        4
 Vhi's Electric Charge    Tloc/Air       0%         N/A       100%        4
 Arcjolt                  Conj/Air       0%         1d10      100%        5
 Summon Forest            Summ/Tloc      0%         N/A       100%        5
 Dispersal                Tloc           0%         N/A       100%        6
 Eringya's Noxious Bog    Tmut/Pois      0%         4d6       100%        6
 Malign Gateway           Summ/Tloc      0%         N/A       100%        7
 Summon Hydra             Summ           0%         N/A       100%        7
 Maxwell's Capacitive Co  Air            0%         ∞         100%        8
 Shatter                  Erth           0%         3d5*      100%        9
 Death Channel            Necr           Unusable   N/A       N/A         6

Dungeon Overview and Level Annotations

Branches:
Dungeon (15/15)            Temple (1/1) D:5            Lair (5/5) D:11
  Swamp (3/4) Lair:2       Spider (0/4) Lair:2        Slime (0/5) Lair:5
    Orc (2/2) D:9             Elf (1/3) Orc:2        Vaults (0/5) D:13
 Depths (0/4) D:15        Gauntlet (visited)

Altars:
Ashenzari
Cheibriados
Dithmenos
Elyvilon
Fedhas
Gozag
Hepliaklqana
Kikubaaqudgha
Makhleb
Nemelex Xobeh
Okawaru
Qazlal
Ru
Sif Muna
Trog
Uskayaw
Vehumet
Wu Jian
Xom
Yredelemnul
Zin
The Shining One
Beogh
Jiyva

Shops:
Orc:1 *   Orc:2 *([*(*

Portals:
Abyss: D:3
Trove: D:14 (give 15 scrolls of teleportation)

Annotations:
Swamp:3 1 transporter


Message History

The swamp worm fires a harpoon shot at you.
The harpoon shot hits your bunyip zombie!!
Do you really want to swap your alligator zombie into the Zot trap? (Confirm with "yes".) Unknown command.
Unknown command.
You feel sick.
The reaper hits you from afar with a +5 scythe of venom!
* * * LOW HITPOINT WARNING * * *
The swamp worm fires a harpoon shot at you.
The harpoon shot hits you but does no damage.
The swamp worm fires a harpoon shot at you.
The harpoon shot hits you but does no damage.
You feel much better.
You feel sick. The reaper hits you but does no damage.
You are more poisoned.
As you read the scroll of teleportation, it crumbles to dust.
You feel strangely unstable.
You feel very sick.
The swamp worm fires a harpoon shot at you.
The harpoon shot hits you.
You are yanked forward by the harpoon shot.
You collide with the briar patch!
The briar patch is destroyed!
* * * LOW HITPOINT WARNING * * *
You enter the Zot trap.
The power of Zot is invoked against you!
Your willpower is stripped away!
The reaper beckons to you.
The reaper hits you from afar with a +5 scythe of venom!
* * * LOW HITPOINT WARNING * * *
The swamp worm fires a harpoon shot at you.
The harpoon shot hits you but does no damage.
Do you really want to swap your alligator zombie into the Zot trap? (Confirm with "yes".) Do you really want to swap your bunyip zombie into the Zot trap? (Confirm with "yes".)
Okay, then.
You feel very sick.
The spriggan druid shouts!
The swamp worm fires a harpoon shot at you.
The harpoon shot hits you!
You die...
Your body rises from the dead as a mindless zombie.

♣...~.~. .^.. i~~♣ ♣♣~~~~.~ ~~
~§..~~§.~♣♣ ♣~..♣..§ ~ .~...~~..♣
♣.♣~... ~ . ......~.♣♣ ♣♣......
.♣♣♣♣## #####.~..♣♣♣...#..# ♣...
#w#♣#w#w#....♣♣...##...
♣♣♣♣♣.####≈≈≈#≈≈≈##.~....#....Z#
♣♣..~..#=$#PP.ZP@.P#.§.......#...
♣.~~~.©#©?+^^^^^^^©#©~.....Z.....
♣.~~~~.#[[#PP○.Z.2.#Z.~..###...§.
.§~~~..####≈§#§≈≈≈##.~~....#.Z~.~
.~~§~.....##w#♣#w##......#.#.....
~~~~~..~..#########..~~..#.#.....
~~~~...~............~~~......##..
~§~.♣♣....~.~........~~...#...#..
~~~.♣....~~..~~~.~~..~~.......#..


You could see a reaper, a spriggan druid, 5 swamp worms, a friendly tyrant leech
zombie, a friendly alligator zombie and a friendly bunyip zombie.

Vanquished Creatures
  An ironbound preserver (D:13)
  2 eleionomae
  2 bunyips
  A minotaur (Gauntlet)
  2 fire dragons (D:15)
  A shambling mangrove (Swamp:2)
  7 hydras
  Fannar (D:12)
  9 two-headed ogres
  An ogre mage (D:15)
  5 boulder beetles
  A ghost crab (Swamp:2)
  2 alligators (Swamp:3)
  2 catoblepae
  Erica (D:10)
  A dancing weapon (Orc:2)
  5 centaur warriors
  3 orc high priests (Orc:2)
  Amaemon (D:8)
  Nergalle (Orc:1)
  6 skeletal warriors
  A skyshark (Lair:4)
  A goliath frog (Swamp:1)
  2 spriggan druids
  2 swamp dragons
  A bog body (Lair:2)
  10 ugly things
  2 orc knights
  A manticore (D:13)
  An orc sorcerer (Orc:1)
  A wolf spider (Gauntlet)
  A will-o-the-wisp (Swamp:2)
  Maurice (D:10)
  A moth of wrath (Gauntlet)
  5 cyclopes
  2 elephants (Lair:2)
  An elephant (shapeshifter) (D:11)
  4 black mambas
  A torpor snail (Lair:5)
  An orange demon (D:9)
  4 molten gargoyles
  5 cane toads
  An unseen horror (D:11)
  2 efreet (D:14)
  9 komodo dragons
  A kobold demonologist (D:9)
  4 polar bears
  5 trolls
  2 tyrant leeches
  2 wind drakes (Lair:5)
  4 hornets
  12 blink frogs
  A jumping spider (Lair:2)
  A snapping turtle (Lair:5)
  7 dream sheep (Lair:4)
  2 culicivoras (Lair:2)
  3 spriggans
  A shadow (D:12)
  8 slime creatures
  A vampire (D:9)
  4 wyverns
  5 wraiths
  4 vampire mosquitoes
  2 steam dragons
  21 yaks
  4 basilisks
  A hog (Lair:4)
  2 redbacks (Lair:2)
  Menkaure (D:6)
  3 wargs
  3 acid dragons
  4 swamp worms
  7 water moccasins
  A spectral efreet (D:13)
  2 swamp drakes
  17 orc warriors
  The ghost of Drain the Trooper, an amateur HOFi (D:3)
  An ice beast (D:7)
  3 ogres
  10 wolves
  3 centaurs
  2 kobold brigands
  9 bullfrogs
  Blork the orc (D:6)
  A gnoll sergeant (D:8)
  2 scorpions (D:4)
  6 small abominations
  14 wights
  6 killer bees
  10 howler monkeys
  An electric eel (Lair:1)
  2 jellies
  28 orc priests
  Crazy Yiuf (D:3)
  An iron imp (D:3)
  A gnoll bouda (D:7)
  Jessica (D:3)
  7 iguanas
  Terence (D:3)
  16 orc wizards
  A sleepcap (D:7)
  9 hell rats
  A statue (D:3)
  7 adders
  17 gnolls
  2 shadow imps
  A white imp (D:4)
  A worm (D:2)
  4 dart slugs
  70 orcs
  5 bats
  11 endoplasms
  3 giant cockroaches
  6 goblins
  8 hobgoblins
  6 jackals (D:4)
  9 kobolds
  3 quokkas
  10 ball pythons
  8 frilled lizards
  6 rats
566 creatures vanquished.

Vanquished Creatures (collateral kills)
  2 eleionomae
  The ghost of BigDaddyOpFi the Grappler, a journeyman TrSh of Qazlal (D:12)
  Snorg (Lair:5)
  7 hydras
  A merfolk avatar (Lair:5)
  A boulder beetle (D:11)
  3 two-headed ogres
  A centaur warrior (D:13)
  2 orc high priests (Orc:2)
  Sonja (Lair:1)
  2 skeletal warriors (D:13)
  A spriggan rider (Swamp:2)
  3 goliath frogs
  2 bog bodies
  A sea snake (Lair:5)
  A swamp dragon (Swamp:2)
  An orc knight (Orc:2)
  An ugly thing (D:14)
  2 manticores
  3 black mambas
  5 elephants (Lair:2)
  2 gargoyles
  2 cane toads
  A rime drake (Lair:5)
  A minotaur zombie (Gauntlet)
  Psyche (D:8)
  An efreet (D:13)
  3 komodo dragons
  2 tyrant leeches
  2 polar bears (Lair:5)
  2 hornets
  7 blink frogs
  2 snapping turtles (Lair:5)
  2 culicivoras (Lair:2)
  3 slime creatures
  A vampire (D:11)
  14 yaks
  A wyvern (Lair:5)
  A redback (Gauntlet)
  A steam dragon (Lair:5)
  A basilisk (Lair:5)
  4 swamp worms
  5 water moccasins
  A swamp drake (Swamp:1)
  7 orc warriors
  2 black bears
  An ice beast (D:7)
  An ogre (D:15)
  4 bullfrogs
  2 howler monkeys (D:9)
  2 electric eels (Lair:1)
  3 jellies (Lair:5)
  A hound (D:6)
  7 orc priests
  2 orc wizards
  7 hell rats
  4 gnolls
  An adder (D:6)
  A white imp (D:8)
  13 orcs
160 creatures vanquished.

Vanquished Creatures (others)
  Kirke (Lair:4)
  A hydra (D:13)
  A spectral hydra (D:13)
  A wolf spider zombie (Gauntlet)
  4 ugly thing zombies
  A spectral orc (Orc:2)
  A sea snake zombie (Lair:5)
  A rime drake (Lair:5)
  A catoblepas zombie (Gauntlet)
  A redback zombie (Lair:2)
  A swamp worm zombie (Swamp:2)
  A bloated husk (Swamp:2)
  A moth of wrath zombie (Gauntlet)
  A boulder beetle zombie (D:13)
  2 fire dragon zombies (D:15)
  A black mamba zombie (Lair:1)
  A slime creature zombie (D:15)
  3 two-headed ogre zombies
  A cane toad zombie (Lair:5)
  A spectral efreet (D:14)
  A hornet zombie (D:8)
  2 elephant zombies (Lair:2)
  A kobold zombie (Lair:1)
  5 blink frog zombies
  2 manticore zombies
  2 vampire mosquito zombies
  A komodo dragon zombie (Lair:5)
  A cyclops zombie (D:9)
  A wyvern zombie (Lair:5)
  2 warg zombies
  2 water moccasin zombies
  3 polar bear zombies (Lair:5)
  3 yak zombies
  2 spriggan zombies
  3 wolf zombies
  3 bullfrog zombies
  3 centaur zombies
  3 basilisk zombies
  2 black bear zombies
  2 orc wizards
  An acid dragon zombie (D:11)
  An ice beast zombie (D:7)
  An ogre zombie (D:15)
  4 hell rat zombies (Lair:5)
  2 howler monkey zombies
  2 adder zombies
  An iguana zombie (D:6)
  A jelly zombie (Lair:5)
  A spectral shadow imp (D:8)
  A dart slug zombie (D:5)
  3 endoplasm zombies (Lair:5)
  2 gnoll zombies
  44 orc zombies
  2 foxfires (Swamp:2)
136 creatures vanquished.

Grand Total: 862 creatures vanquished

Notes
Turn   | Place    | Note
-------+----------+-------------------------------------------
     0 | D:1      | kaesle the Hill Orc Fighter began the quest for the Orb.
     0 | D:1      | Reached XP level 1. HP: 19/19 MP: 1/1
     6 | D:1      | Noticed a swamp worm
     6 | D:1      | Noticed a black bear
     9 | D:1      | Noticed a black mamba
    10 | D:1      | Noticed a seven-headed hydra
    87 | D:1      | Reached XP level 2. HP: 25/27 MP: 2/2
   164 | D:1      | Reached skill level 3 in Axes
   196 | D:1      | Reached skill level 1 in Invocations
   278 | D:1      | Reached XP level 3. HP: 33/33 MP: 3/3
  1161 | D:2      | Reached skill level 1 in Throwing
  1605 | D:3      | Noticed Jessica
  1613 | D:3      | Reached XP level 4. HP: 34/40 MP: 5/5
  1615 | D:3      | Killed Jessica
  1616 | D:3      | Reached skill level 1 in Ranged Weapons
  1681 | D:3      | Noticed Terence
  1856 | D:3      | Killed Terence
  1871 | D:3      | Reached XP level 5. HP: 18/46 MP: 6/6
  1912 | D:3      | Noticed a small abomination
  1914 | D:3      | Found a transporter.
  1928 | D:3      | Found a transporter.
  1939 | D:3      | Found a one-way gate to the infinite horrors of the Abyss.
  1939 | D:3      | Noticed Drain's ghost (amateur HOFi)
  2005 | D:3      | Found a radiant altar of Vehumet.
  2005 | D:3      | Noticed a charred statue
  2125 | D:3      | Found a runed translucent door.
  2126 | D:3      | Noticed Crazy Yiuf
  2697 | D:3      | Killed Crazy Yiuf
  2698 | D:3      | Reached skill level 4 in Axes
  2843 | D:4      | Reached XP level 6. HP: 42/53 MP: 8/8
  2943 | D:4      | Found a shadowy altar of Dithmenos.
  3022 | D:4      | Found a sacrificial altar of Ru.
  3451 | D:5      | Entered Level 5 of the Dungeon
  3561 | D:5      | Reached skill level 5 in Fighting
  3561 | D:5      | Reached XP level 7. HP: 61/61 MP: 9/9
  3663 | D:5      | Found a staircase to the Ecumenical Temple.
  3677 | Temple   | Entered the Ecumenical Temple
  3686 | Temple   | Became a worshipper of Yredelemnul the Dark
  3783 | D:5      | Found a glowing silver altar of Zin.
  3805 | D:5      | You fall into a shaft and drop 2 floors!
  3920 | D:7      | Reached * piety under Yredelemnul
  3921 | D:7      | Reached skill level 5 in Axes
  4184 | D:7      | Reached skill level 5 in Armour
  4184 | D:7      | Reached XP level 8. HP: 67/69 MP: 11/11
  4529 | D:5      | Reached skill level 5 in Invocations
  4570 | D:5      | Found a shimmering altar of Xom.
  4587 | D:5      | Reached ** piety under Yredelemnul
  4700 | D:5      | Found a burning altar of Makhleb.
  4976 | D:6      | Noticed Blork the orc
  4985 | D:6      | Killed Blork the orc
  5043 | D:6      | Reached skill level 6 in Axes
  5125 | D:6      | Found a broken altar of Ashenzari.
  5485 | D:6      | Noticed Menkaure
  5495 | D:6      | Your ally Blork died
  5500 | D:6      | HP: 2/64 [wight/+2 dagger (2)]
  5741 | D:6      | Reached XP level 9. HP: 19/78 MP: 13/13
  5742 | D:6      | Killed Menkaure
  6327 | D:7      | Got Sif Muna's Guide on Terrain
  6934 | D:8      | Reached skill level 7 in Axes
  7157 | D:8      | Noticed a hornet
  7162 | D:8      | Killed a hornet
  7590 | D:8      | Reached skill level 5 in Ranged Weapons
  7590 | D:8      | Reached XP level 10. HP: 76/88 MP: 15/15
  7668 | D:8      | Found an ancient bone altar of Kikubaaqudgha.
  7674 | D:8      | Noticed Psyche
  7680 | D:8      | Killed Psyche
  7681 | D:8      | Reached skill level 8 in Axes
  7681 | D:8      | Reached skill level 5 in Throwing
  7757 | D:8      | Paralysed by a hornet for 1 turns
  7762 | D:8      | HP: 3/88 [poisoned by a hornet]
  8329 | D:9      | Noticed a kobold demonologist
  8442 | D:9      | Noticed a soul eater
  8442 | D:9      | Killed a kobold demonologist
  8452 | D:9      | Noticed a molten gargoyle
  8658 | D:9      | Noticed a cyclops
  8668 | D:9      | Killed a cyclops
  8793 | D:9      | Noticed a molten gargoyle
  8795 | D:9      | Noticed a molten gargoyle
  8974 | D:9      | Noticed Amaemon
  8974 | D:9      | Noticed an orange demon
  9042 | D:8      | Killed Amaemon
  9111 | D:9      | Found a staircase to the Orcish Mines.
  9125 | D:9      | Reached skill level 9 in Axes
  9587 | D:9      | Killed a molten gargoyle
  9834 | D:9      | Noticed a molten gargoyle
  9922 | D:8      | Killed a molten gargoyle
  9923 | D:8      | Reached XP level 11. HP: 58/97 MP: 17/17
 10241 | D:9      | Noticed a two-headed ogre
 10248 | D:9      | Killed a two-headed ogre
 10450 | D:10     | Entered Level 10 of the Dungeon
 10473 | Orc:1    | Entered Level 1 of the Orcish Mines
 10500 | Orc:1    | Noticed an orc sorcerer
 10513 | Orc:1    | Killed an orc sorcerer
 10537 | Orc:1    | Noticed Nergalle
 10550 | Orc:1    | Killed Nergalle
 10588 | Orc:1    | Found Goyp's Assorted Antiques.
 10588 | Orc:1    | Noticed a two-headed ogre
 10600 | Orc:1    | Reached skill level 10 in Axes
 10601 | Orc:1    | Killed a two-headed ogre
 10605 | Orc:1    | Reached *** piety under Yredelemnul
 10800 | Orc:1    | Reached **** piety under Yredelemnul
 10906 | Orc:1    | Found a roughly hewn altar of Beogh.
 11413 | D:10     | Noticed a two-headed ogre
 11420 | D:10     | Killed a two-headed ogre
 11421 | D:10     | Reached skill level 10 in Fighting
 11436 | D:10     | Identified the +5 flail "Arettib" {freeze, rCorr Stlth+}
 11536 | D:10     | Noticed Erica
 11541 | D:10     | Killed Erica
 11542 | D:10     | Reached skill level 10 in Invocations
 11542 | D:10     | Reached XP level 12. HP: 84/106 MP: 19/19
 12090 | D:11     | Noticed a two-headed ogre
 12093 | D:11     | Noticed Maurice
 12099 | D:11     | Killed a two-headed ogre
 12099 | D:11     | Noticed a boulder beetle
 12106 | D:11     | Something stole a +6 ring of dexterity
 12107 | D:11     | Something stole 3 javelins
 12365 | D:11     | Noticed a boulder beetle
 12391 | D:11     | Killed a boulder beetle
 12396 | D:11     | Reached skill level 11 in Axes
 12605 | D:11     | Found a staircase to the Lair.
 12852 | D:11     | Noticed a centaur warrior
 13073 | D:11     | Killed a centaur warrior
 13193 | D:11     | Noticed a boulder beetle
 13209 | D:11     | Noticed a centaur warrior
 13225 | D:11     | Killed a centaur warrior
 13244 | D:11     | Killed a boulder beetle
 13488 | Lair:1   | Entered Level 1 of the Lair of Beasts
 13518 | Lair:1   | Reached skill level 10 in Armour
 13710 | Lair:1   | Noticed Sonja
 13729 | Lair:1   | Killed Sonja
 13730 | Lair:1   | Reached XP level 13. HP: 34/116 MP: 21/21
 13869 | Lair:1   | Reached skill level 12 in Axes
 14089 | Lair:1   | Your ally Sonja died
 14704 | Lair:2   | Found a staircase to the Swamp.
 15039 | Lair:2   | Reached ***** piety under Yredelemnul
 15100 | Lair:2   | Reached ****** piety under Yredelemnul
 15266 | Lair:2   | You fall into a shaft and drop 2 floors!
 15614 | Lair:2   | HP: 2/118 [bog body (24)]
 15902 | Lair:2   | Found a hole to the Spider Nest.
 16601 | Lair:3   | Reached skill level 13 in Axes
 16960 | Lair:4   | Noticed Kirke
 17075 | Lair:4   | Reached XP level 14. HP: 83/127 MP: 23/23
 17399 | Lair:4   | Killed Kirke
 18097 | Lair:5   | Entered Level 5 of the Lair of Beasts
 18237 | Lair:5   | Identified the +5 scale mail of the Garden {Slay+6}
 18258 | Lair:5   | Found a viscous altar of Jiyva.
 18258 | Lair:5   | Found a staircase to the Slime Pits.
 18573 | Lair:5   | Reached skill level 14 in Axes
 18759 | Lair:5   | Identified the +1 trident "Eqamast" {flame, rPois Dex+5}
 18763 | Lair:5   | Got the Spellbook of Terra Cotta
 18949 | Lair:5   | Noticed Snorg
 18959 | Lair:5   | Killed Snorg
 19309 | Swamp:1  | Entered Level 1 of the Swamp
 19408 | Swamp:1  | Noticed an eleionoma
 19416 | Swamp:1  | Killed an eleionoma
 19420 | Swamp:1  | Reached skill level 10 in Ranged Weapons
 19489 | Swamp:1  | Reached XP level 15. HP: 119/136 MP: 25/25
 19516 | Swamp:1  | Reached skill level 10 in Throwing
 20720 | D:3      | Identified the +2 leather armour "Rergh" {Rampage *Corrode
                  | rPois rN+}
 20773 | D:3      | Killed Drain's ghost
 20963 | D:10     | Something stole a +6 halberd of pain
 20971 | D:10     | Something stole a condenser vane
 20974 | D:10     | Killed Maurice
 21040 | Orc:1    | Bought a glowing orcbow for 169 gold pieces
 21179 | D:12     | Found a gate leading to a gauntlet.
 21184 | Gauntlet | Entered a Gauntlet
 21184 | Gauntlet | Found a transporter.
 21184 | Gauntlet | Found a transporter.
 21185 | Gauntlet | Found a transporter.
 21188 | Gauntlet | Found a transporter.
 21188 | Gauntlet | Found a transporter.
 21189 | Gauntlet | Found a transporter.
 21202 | Gauntlet | Found a transporter.
 21218 | Gauntlet | Found a transporter.
 21240 | Gauntlet | Found a transporter.
 21315 | Gauntlet | Found a transporter.
 21317 | Gauntlet | Found a transporter.
 21327 | Gauntlet | Found a transporter.
 21999 | Gauntlet | Identified the ring of the Stallion {rF+ SInv}
 22732 | D:12     | Noticed Fannar
 22747 | D:12     | Killed Fannar
 22780 | D:12     | Found a large runed translucent door.
 22780 | D:12     | Found a large runed translucent door.
 22782 | D:12     | Noticed BigDaddyOpFi's ghost (journeyman TrSh)
 23215 | D:12     | Killed BigDaddyOpFi's ghost
 23718 | D:13     | Reached skill level 15 in Axes
 24137 | D:13     | Found a gate to the Vaults.
 24812 | D:14     | Found a portal to a secret trove of treasure.
 25324 | D:14     | Found an ornate altar of the Wu Jian Council.
 25557 | D:15     | Entered Level 15 of the Dungeon
 25697 | D:15     | Reached XP level 16. HP: 145/147 MP: 27/27
 26041 | D:15     | Reached skill level 15 in Invocations
 26411 | D:15     | Found a staircase to the Depths.
 26923 | Orc:2    | Entered Level 2 of the Orcish Mines
 27025 | Orc:2    | Found Ogaidaz's Mayhem Merchandise.
 27029 | Orc:2    | Bought a +0 executioner's axe for 180 gold pieces
 27066 | Orc:2    | Found a roughly hewn altar of Beogh.
 27246 | Orc:2    | Found a roughly hewn altar of Beogh.
 27481 | Orc:2    | Found a staircase to the Elven Halls.
 27492 | Orc:2    | Found Veotal's Assorted Antiques.
 27519 | Orc:2    | Bought a potion of heal wounds for 135 gold pieces
 27577 | Orc:2    | Found Cosum's Weapon Emporium.
 27578 | Orc:2    | Found Ejom's Weapon Emporium.
 27578 | Orc:2    | Found Socejeg's Armour Shoppe.
 27579 | Orc:2    | Found Moxeujod's Assorted Antiques.
 27585 | Orc:2    | Bought a scroll of identify for 48 gold pieces
 27590 | Orc:2    | Bought a +0 arbalest for 58 gold pieces
 28046 | Elf:1    | Entered Level 1 of the Elven Halls
 28510 | Swamp:2  | You are sucked into a shaft and drop 1 floor!
 28736 | Swamp:2  | Reached skill level 16 in Axes
 28793 | Swamp:2  | Reached skill level 15 in Fighting
 29229 | Swamp:3  | Found a transporter.
 29249 | Swamp:3  | Found a transporter.
 29387 | Swamp:3  | Killed from afar by a swamp worm

Illustrated notes

Levels and vault maps discovered:
D:1:      onia_arrival_zoo_common, layout_basic
D:2:      layout_basic, minmay_misc_feat_x
D:3:      layout_loops_ring, vehumet_statue, gammafunk_ghost_abyssal_escape,
          minmay_crystal_water, uniq_terence, uniq_crazy_yiuf_cottage,
          uniq_jessica
D:4:      nicolae_cairo_tiling_large_dashed, layout_basic, lemuel_crystal_altar,
          marbit_many_paths
D:5:      layout_loops_ring, zin_statuary, lemuel_crystal_altar, bloody_makhleb,
          minmay_temple_entry_statues_fountains
D:6:      layout_gridville, nicolae_ashenzari_panopticon, uniq_menkaure,
          uniq_blork_the_orc
D:7:      layout_basic, grunt_ministairs_12
D:8:      layout_layer_cave, amcnicky_altar_gilded, uniq_psyche
D:9:      layout_roguey, erik_orc_3, serial_library_hellmonk_room_b,
          minivault_8, uniq_amaemon
D:10:     layout_basic, uniq_erica
D:11:     minmay_chambers_of_sevens, layout_cave_pools, lair_entry_dummy,
          serial_park, serial_park_gazebo [serial_park_minivault_5x5_5],
          serial_park_tiny_pond, serial_park_tiny_1, serial_park_square3
          [serial_park_minivault_5x5_6], uniq_maurice
D:12:     layout_loops_corners, ebering_ghost_disaster_area,
          gauntlet_entry_generic, uniq_fannar
D:13:     layout_loops_cross, skrybe_vaults_entry_preservation
D:14:     layout_grid_maze, nicolae_wu_jian_wuxing_cycle,
          nicolae_trove_entry_crossroad, st_stairs_12
D:15:     grunt_enter_depths_hoard, layout_loops_ring, hex_tiny
Temple:   nicolae_temple_two_arcs
Lair:1:   layout_regular_city, minivault_11, serial_bayou_lake_a,
          grunt_megastairs_2, serial_bayou_shore_b, uniq_sonja
Lair:2:   layout_loops_ring, skrybe_swamp_entry_bodies,
          nicolae_spider_entry_tight_spaces, minivault_27, forest_entry_grove,
          infiniplex_staircase_pool_2
Lair:3:   layout_cellular_growth
Lair:4:   layout_gridlike, serial_bayou_shore_a, serial_bayou_shore_b,
          uniq_kirke
Lair:5:   gammafunk_lair_ancient_temple, layout_small_grid,
          nicolae_slime_entry_slimehenge, uniq_snorg
Swamp:1:  layout_basic_swamp, evilmike_swamp_ruin_house_6, swamp_pool_1_2,
          nicolae_swamp_long_stream
Swamp:2:  layout_basic_swamp, evilmike_swamp_ruin_house_5, swamp_pool_1_2
Swamp:3:  gammafunk_worm_tunnel, layout_basic_swamp,
          evilmike_swamp_ruin_rubble_2
Orc:1:    layout_caves, serial_shops, nicolae_shop_overgrown_old_shop,
          basic_altar, uniq_nergalle
Orc:2:    st_orc_pillars, layout_caves, basic_altar, serial_shops,
          nicolae_shop_waterfront, minmay_shop_mayhem, mines2_david
Elf:1:    eino_elf_arrival_shootout, layout_loops_cross, basic_altar,
          minmay_elf_necromancy, lemuel_upstairs_altar

Skill      XL: |  1  2  3  4  5  6  7  8  9 10 11 12 13 14 15 16 |
---------------+-------------------------------------------------+-----
Axes           | 3 4 5 6 7 9 10 11 13 14 15 16 | 16.1
Invocations    | 1 2 3 4 5 7 8 10 11 12 13 14 15 | 15.5
Fighting       | 4 5 6 7 9 10 11 12 13 14 15 | 15.1
Throwing       | 1 2 3 4 6 7 8 9 10 11 | 11.3
Ranged Weapons | 1 2 3 5 6 7 8 9 10 11 | 11.4
Armour         | 4 5 6 8 9 10 11 12 13 | 13.6
Shields        | |  3.2

Action                     |  1- 3 |  4- 6 |  7- 9 | 10-12 | 13-15 | 16-18 || total
---------------------------+-------+-------+-------+-------+-------+-------++-------
  Melee: War axe           |   114 |   138 |   253 |       |       |       ||   505
         Battleaxe         |       |       |    28 |   448 |   783 |   307 ||  1566
         Unarmed           |       |       |       |       |    40 |       ||    40
         Scimitar          |       |       |       |       |     4 |     3 ||     7
         Halberd           |       |       |       |       |     2 |       ||     2
         Quick blade       |       |       |       |       |    14 |       ||    14
         Punch             |       |       |       |       |     1 |       ||     1
   Fire: Orcbow            |       |       |       |    10 |    33 |    59 ||   102
         Arbalest          |       |       |       |       |       |    24 ||    24
  Throw: Dart              |       |       |     6 |    37 |    38 |       ||    81
         Throwing net      |       |       |     1 |     2 |       |       ||     3
         Javelin           |       |       |       |     4 |    12 |       ||    16
         Boomerang         |       |       |       |       |     1 |       ||     1
 Invoke: Recall Undead Har |       |       |       |     2 |     3 |     1 ||     6
         Dark Bargain      |       |       |       |     1 |     1 |     2 ||     4
         Drain Life        |       |       |       |       |     5 |     2 ||     7
         Bind Soul         |       |       |       |       |     1 |     1 ||     2
  Evoke: Wand              |       |       |       |     7 |    13 |       ||    20
    Use: Potion            |       |     1 |     4 |     5 |    10 |     4 ||    24
         Scroll            |       |       |     3 |     4 |    34 |     6 ||    47
   Stab: Distracted        |       |       |     1 |     5 |    19 |    10 ||    35
         Petrifying        |       |       |       |       |     2 |       ||     2
         Confused          |       |       |       |       |     1 |     4 ||     5
         Petrified         |       |       |       |       |     1 |       ||     1
 Armour: Scale mail        |    77 |       |       |       |       |       ||    77
         Chain mail        |    10 |   129 |   177 |       |       |       ||   316
         Plate armour      |       |       |    82 |   683 |   257 |       ||  1022
         Crystal plate arm |       |       |       |       |  1065 |   605 ||  1670
         Skin              |       |       |       |       |    20 |       ||    20
  Dodge: Dodged            |    55 |   114 |   203 |   308 |   423 |    95 ||  1198
  Block: Buckler           |    27 |    38 |    71 |       |       |       ||   136

Table legend: (Time is in decaauts)
 A = Elapsed time spent in this place.
 B = Non-inter-level travel time spent in this place.
 C = Inter-level travel time spent in this place.
 D = Time resting spent in this place.
 E = Time spent auto-exploring this place.
 F = Levels seen in this place.
 G = Mean time per level.
                   A        B        C        D        E       F      G
               +--------+--------+--------+--------+--------+-----+--------+
         Total |  30013 |  26400 |   3613 |   3776 |  14706 |  28 | 1071.9 |
       Dungeon |  18618 |  16147 |   2471 |   2150 |   9622 |  15 | 1241.2 |
        Temple |     18 |     10 |      8 |      0 |      0 |   1 |   18.0 |
          Lair |   6189 |   5449 |    740 |    569 |   3263 |   5 | 1237.8 |
         Swamp |   2117 |   1980 |    137 |    531 |    816 |   3 |  705.7 |
  Orcish Mines |   1952 |   1696 |    256 |    112 |    916 |   2 |  976.0 |
   Elven Halls |     11 |     11 |      0 |      0 |      0 |   1 |   11.0 |
      Gauntlet |   1104 |   1104 |      0 |    414 |     89 |   1 | 1104.0 |
               +--------+--------+--------+--------+--------+-----+--------+

Top non-repeatable levels by time:
     D:8: 2001 daAuts
     D:9: 1958 daAuts
  Lair:2: 1735 daAuts
     D:7: 1570 daAuts
     D:3: 1391 daAuts
    D:10: 1296 daAuts
    D:12: 1213 daAuts
    D:14: 1201 daAuts
  Lair:4: 1189 daAuts
   Orc:2: 1159 daAuts
    D:15: 1134 daAuts
    D:13: 1112 daAuts
 Swamp:1: 1110 daAuts
  Lair:5: 1108 daAuts
  Lair:1: 1106 daAuts
